 Dungeon Crawl Stone Soup version bcrawl-1.41.1 (webtiles) character file.

Game seed: 14491385820214388244

285213 Yshiel the Chiller (level 8, 0/58 HPs)
             Began as a Gnoll Ice Elementalist on Apr 25, 2024.
             Shot with an arrow by a centaur (12 damage)
             ... on level 6 of the Dungeon.
             The game lasted 00:38:16 (4436 turns).

Yshiel the Chiller (Gnoll Ice Elementalist)         Turns: 4436, Time: 00:38:17

Health: 0/58       AC: 14    Str: 11    XL:     8   Next: 81%
Magic:  20/26      EV: 11    Int: 18    God:
Gold:   263        SH:  0    Dex: 17    Spells: 1/19 levels left

rFire    + . .     GDR:     31% d - +3 dagger (chaos)
rCold    . . .     SeeInvis .   (no shield)
rNeg     . . .     Gourm    .   H - +3 scale mail of Grace {rF+ MP+9}
rPois    .         Faith    .   v - +1 helmet
rElec    .         Spirit   .   k - +0 cloak
rCorr    .         Reflect  .   f - +0 pair of gloves
MR       .....                  (no boots)
Stlth    ++........             J - amulet of the acrobat
HPRegen  0.19/turn              (no ring)
MPRegen  0.20/turn              (no ring)

@: no status effects
A: distributed training, fangs 1, strong nose
a: no special abilities


You were on level 6 of the Dungeon.
You were hungry.

You visited 1 branch of the dungeon, and saw 6 of its levels.

You collected 263 gold pieces.

Inventory:

Hand Weapons
 d - a +3 dagger of chaos (weapon)
 m - a +0 mace
 t - a +0 blowgun
 B - a +0 dagger
 M - a +0 shortbow
Missiles
 b - 1449 stones (quivered)
 l - 585 sling bullets
 u - 99 poisoned needles
 G - 548 arrows
Armour
 a - a +0 robe
 f - a +0 pair of gloves (worn)
 k - a +0 cloak (worn)
 p - a +0 helmet
 v - a +1 helmet (worn)
 D - a +4 ring mail
 H - the +3 scale mail of Grace (worn) {rF+ MP+9}
   (You found it on level 5 of the Dungeon)

   It protects you from fire.
   It affects your magic capacity (+9).
Jewellery
 h - an uncursed amulet of regeneration
 J - an amulet of the acrobat (around neck)
Wands
 c - a wand of iceblast (1)
 E - a wand of polymorph (10)
Scrolls
 i - a scroll of identify
 o - 2 scrolls of remove curse
 r - 2 scrolls of noise
 x - a scroll of teleportation {unknown}
 y - a scroll of revelation
 A - a scroll of fog {unknown}
 C - a scroll of enchant weapon
 F - a scroll of immolation {unknown}
Potions
 g - 2 potions of flight
 j - 2 potions of curing
 n - 5 potions of heal wounds
 q - a potion of cancellation
 s - 2 potions of might {unknown}
 w - a potion of ambrosia {unknown}
 z - a potion of lignification {unknown}
 I - a potion of mutation {unknown}
 L - a potion of haste {unknown}
Comestibles
 e - 9 rations {!d}
 K - 4 chunks of flesh


   Skills:
 + Level 3.5 Fighting
 + Level 3.5 Short Blades
 + Level 3.5 Long Blades
 + Level 3.5 Axes
 + Level 3.5 Maces & Flails
 + Level 3.5 Polearms
 + Level 3.5 Staves
 + Level 3.5 Slings
 + Level 3.5 Bows
 + Level 3.5 Crossbows
 + Level 3.5 Throwing
 + Level 3.5 Armour
 + Level 5.8 Dodging
 + Level 5.8 Stealth
 + Level 3.5 Shields
 + Level 3.5 Unarmed Combat
 + Level 6.2 Spellcasting
 + Level 3.6 Conjurations
 + Level 2.9 Hexes
 + Level 2.9 Charms
 + Level 2.9 Summonings
 + Level 2.9 Necromancy
 + Level 2.9 Translocations
 + Level 2.9 Transmutations
 + Level 2.9 Fire Magic
 + Level 6.2 Ice Magic
 + Level 2.9 Air Magic
 + Level 2.9 Earth Magic
 + Level 2.9 Poison Magic
 + Level 3.9 Invocations
 + Level 3.5 Evocations


You had one spell level left.
You knew the following spells:

 Your Spells              Type           Power        Failure   Level  Hunger
a - Freeze                Ice            ####..       4%          1    None
b - Throw Frost           Conj/Ice       ###...       4%          2    None
c - Magic Dart            Conj           ###.         14%         1    None
d - Blink                 Tloc           N/A          28%         2    None
e - Ozocubu's Armour      Chrm/Ice       ###.....     28%         3    ##.....
f - Conjure Flame         Conj/Fire      ###.....     45%         3    ##.....
g - Mephitic Cloud        Conj/Pois/Air  ###.....     45%         3    ##.....
h - Spider Form           Tmut/Pois      ###          50%         3    ##.....

Your spell library contained the following spells:

 Spells                   Type           Power        Failure   Level  Hunger
 Summon Small Mammal      Summ           ###.         19%         1    None
 Call Imp                 Summ           ###...       28%         2    None
 Call Canine Familiar     Summ           ###.....     50%         3    ##.....
 Throw Icicle             Conj/Ice       ###.....     63%         4    ####...
 Ice Form                 Ice/Tmut       ###.....     67%         4    ####...
 Summon Ice Beast         Ice/Summ       ###.....     67%         4    ####...
 Summon Lightning Spire   Summ/Air       ###.....     99%         5    #####..


Dungeon Overview and Level Annotations

Branches:
Dungeon (6/12)
 Temple: D:4-7

Altars:
Elyvilon
Kikubaaqudgha
Qazlal
Ru
Xom


Innate Abilities, Weirdness & Mutations

Your experience applies equally to all skills.
You have very sharp teeth.
Your uncanny sense of smell can sniff out nearby items.


Message History

The centaur shoots an arrow.
The arrow hits you.
The hippogriff flaps its wings!
You hurl suddenly forward!
The hippogriff closely misses you.
The hippogriff pecks you but does no damage.
The hippogriff closely misses you.
The centaur shoots an arrow.
The arrow misses you.
The centaur shoots an arrow.
The arrow hits you but does no damage.
Casting: Freeze (safe; 4% risk of failure)
Confirm with . or Enter, or press ? or * to list all spells.
Aiming: Freeze (safe; 4% risk of failure)
Press: ? - help, Shift-Dir - straight line, f/p - hippogriff
Aim: a hippogriff (lightly wounded)
You freeze the hippogriff!
The hippogriff is heavily wounded.
The hippogriff bites you!
* * * LOW HITPOINT WARNING * * *
The hippogriff pecks you but does no damage.
The hippogriff closely misses you.
The centaur shoots an arrow.
The arrow hits you!
You die...

...........#...#.###<
....................
#....#............. .∆
#....#............. ..
#....#.........####
##.##..................
#......†...............
#+.....#..##.........
#..c.@..............
#..#H###.##.........
#....# #.##.....##.#
#........##..#..# .#
#...........
#...###..##. #... ...#
+... ..# ..$. ...


You could see a hippogriff and a centaur.

Vanquished Creatures
  Menkaure (D:5)
  Duvessa (D:4)
  A phantom (D:4)
  An ice beast (D:4)
  3 ogres
  A bullfrog (D:5)
  Dowan (D:4)
  2 centaurs (D:5)
  A crimson imp (D:4)
  A bullfrog zombie (D:6)
  A quasit (D:5)
  2 bullfrog skeletons (D:5)
  3 orc wizards
  Ijyb (D:4)
  An iguana (D:6)
  A worker ant (D:4)
  2 hound skeletons
  2 howler monkey zombies (D:6)
  Robin (D:2)
  7 adders
  An ooze (D:2)
  An adder skeleton (D:4)
  5 worms
  3 dart slugs
  9 leopard geckos
  16 orcs
  A bat (D:1)
  4 giant cockroaches
  14 hobgoblins
  15 jackals
  A quokka (D:2)
  A ball python (D:1)
  10 goblins
  9 kobolds
  6 rats
130 creatures vanquished.

Vanquished Creatures (others)
  An adder (D:6)
1 creature vanquished.

Grand Total: 131 creatures vanquished

Notes
Turn   | Place    | Note
-------+----------+-------------------------------------------
     0 | D:1      | Yshiel the Gnoll Ice Elementalist began the quest for the
                  | Orb.
     0 | D:1      | Reached XP level 1. HP: 13/13 MP: 6/6
   108 | D:1      | Reached XP level 2. HP: 19/19 MP: 4/7
   360 | D:1      | Reached XP level 3. HP: 25/25 MP: 7/9
   378 | D:1      | Reached skill level 5 in Spellcasting
   540 | D:2      | Reached skill level 1 in Invocations
   719 | D:2      | Found a stormy altar of Qazlal.
   721 | D:2      | Noticed Robin
   739 | D:2      | Reached skill level 1 in Fighting
   739 | D:2      | Reached skill level 1 in Short Blades
   739 | D:2      | Reached skill level 1 in Long Blades
   739 | D:2      | Reached skill level 1 in Axes
   739 | D:2      | Reached skill level 1 in Maces & Flails
   739 | D:2      | Reached skill level 1 in Polearms
   739 | D:2      | Reached skill level 1 in Staves
   739 | D:2      | Reached skill level 1 in Slings
   739 | D:2      | Reached skill level 1 in Bows
   739 | D:2      | Reached skill level 1 in Crossbows
   739 | D:2      | Reached skill level 1 in Throwing
   739 | D:2      | Reached skill level 1 in Armour
   739 | D:2      | Reached skill level 1 in Shields
   739 | D:2      | Reached skill level 1 in Unarmed Combat
   739 | D:2      | Reached skill level 1 in Evocations
   739 | D:2      | Reached XP level 4. HP: 32/32 MP: 8/11
   811 | D:2      | Found an ancient bone altar of Kikubaaqudgha.
   904 | D:2      | Killed Robin
   950 | D:2      | Reached skill level 1 in Hexes
   950 | D:2      | Reached skill level 1 in Charms
   950 | D:2      | Reached skill level 1 in Summonings
   950 | D:2      | Reached skill level 1 in Necromancy
   950 | D:2      | Reached skill level 1 in Translocations
   950 | D:2      | Reached skill level 1 in Transmutations
   950 | D:2      | Reached skill level 1 in Fire Magic
   950 | D:2      | Reached skill level 1 in Air Magic
   950 | D:2      | Reached skill level 1 in Earth Magic
   950 | D:2      | Reached skill level 1 in Poison Magic
  1034 | D:2      | Found a sacrificial altar of Ru.
  1050 | D:2      | Found a transporter.
  1052 | D:2      | Found a transporter.
  1183 | D:3      | Noticed an ogre
  1303 | D:3      | Killed an ogre
  1304 | D:3      | Reached XP level 5. HP: 18/37 MP: 5/12
  1364 | D:3      | Found a white marble altar of Elyvilon.
  1682 | D:3      | Reached XP level 6. HP: 39/44 MP: 7/13
  1845 | D:3      | Reached skill level 5 in Dodging
  1845 | D:3      | Reached skill level 5 in Stealth
  2262 | D:4      | Noticed Dowan
  2263 | D:4      | Noticed Duvessa
  2272 | D:4      | Killed Duvessa
  2273 | D:4      | Reached XP level 7. HP: 46/51 MP: 9/15
  2289 | D:4      | Killed Dowan
  2755 | D:4      | Noticed Ijyb
  2780 | D:4      | Killed Ijyb
  2999 | D:4      | Found a shimmering altar of Xom.
  3030 | D:4      | Reached XP level 8. HP: 51/57 MP: 6/16
  3349 | D:5      | Entered Level 5 of the Dungeon
  3418 | D:5      | Noticed Menkaure
  3431 | D:5      | Killed Menkaure
  3628 | D:5      | Learned a level 2 spell: Throw Frost
  3630 | D:5      | Learned a level 1 spell: Magic Dart
  3633 | D:5      | Learned a level 2 spell: Blink
  3637 | D:5      | Learned a level 3 spell: Ozocubu's Armour
  3641 | D:5      | Learned a level 3 spell: Conjure Flame
  3645 | D:5      | Learned a level 3 spell: Mephitic Cloud
  3649 | D:5      | Learned a level 3 spell: Spider Form
  3717 | D:5      | Got a fading scale mail
  3725 | D:5      | Identified the +3 scale mail of Grace {rF+ MP+9} (You found
                  | it on level 5 of the Dungeon)
  4426 | D:6      | Noticed a hippogriff
  4436 | D:6      | Shot with an arrow by a centaur

Skill      XL: |  1  2  3  4  5  6  7  8 |
---------------+-------------------------+-----
Conjurations   | 2 3 |  3.6
Spellcasting   | 5 6 |  6.2
Invocations    | 1 2 3 |  3.9
Fighting       | 1 2 3 |  3.5
Short Blades   | 1 2 3 |  3.5
Long Blades    | 1 2 3 |  3.5
Axes           | 1 2 3 |  3.5
Maces & Flails | 1 2 3 |  3.5
Polearms       | 1 2 3 |  3.5
Staves         | 1 2 3 |  3.5
Slings         | 1 2 3 |  3.5
Bows           | 1 2 3 |  3.5
Crossbows      | 1 2 3 |  3.5
Throwing       | 1 2 3 |  3.5
Armour         | 1 2 3 |  3.5
Shields        | 1 2 3 |  3.5
Unarmed Combat | 1 2 3 |  3.5
Evocations     | 1 2 3 |  3.5
Hexes          | 1 2 |  2.9
Charms         | 1 2 |  2.9
Summonings     | 1 2 |  2.9
Necromancy     | 1 2 |  2.9
Translocations | 1 2 |  2.9
Transmutations | 1 2 |  2.9
Fire Magic     | 1 2 |  2.9
Air Magic      | 1 2 |  2.9
Earth Magic    | 1 2 |  2.9
Poison Magic   | 1 2 |  2.9
Dodging        | 5 |  5.8
Stealth        | 5 |  5.8
Ice Magic      | 6 |  6.2

Action                   |  1- 3 |  4- 6 |  7- 9 || total
-------------------------+-------+-------+-------++-------
Melee: Unarmed           |     3 |       |       ||     3
       Bite              |     3 |     5 |    23 ||    31
       Mace              |    18 |    66 |       ||    84
       Dagger            |       |     2 |   154 ||   156
       Punch             |       |       |     2 ||     2
 Cast: Freeze            |    50 |    86 |    54 ||   190
  Use: Scroll            |     1 |     6 |     3 ||    10
       Potion            |       |       |     1 ||     1
 Stab: Sleeping          |     7 |     3 |     4 ||    14
  Eat: Chunk             |       |    10 |    10 ||    20
Armor: Robe              |     8 |    36 |    34 ||    78
       Scale mail        |       |       |    44 ||    44
Dodge: Dodged            |    31 |   151 |   206 ||   388
